 Dungeon Crawl Stone Soup version 0.24.0-2-g5b39cebb1c (webtiles) character file.

Game seed: 11866817026239372133, levelgen mode: deterministic

25 Lanoc the Cudgeler (level 3, 0/19 HPs)
             Began as a Vine Stalker Chaos Knight on Oct 29, 2019.
             Was a Plaything of Xom.
             Succumbed to an adder's poison
             ... on level 2 of the Dungeon.
             The game lasted 00:00:38 (229 turns).

Lanoc the Cudgeler (Vine Stalker Chaos Knight)       Turns: 229, Time: 00:00:38

Health: 0/19       AC:  5    Str: 15    XL:     3   Next: 4%
Magic:  0/4        EV: 11    Int: 12    God:    Xom [..*...]
Gold:   11         SH:  0    Dex: 13    Spells: 2/2 levels left

rFire    . . .     SeeInvis .   a - +0 mace (chaos)
rCold    . . .     Gourm    .   (no shield)
rNeg     . . .     Faith    .   b - +2 leather armour
rPois    .         Spirit   +   (no helmet)
rElec    .         Reflect  .   (no cloak)
rCorr    .         Harm     .   (no gloves)
MR       .....                  (no boots)
Stlth    +.........             (no amulet)
HPRegen  0.06/turn              (no ring)
MPRegen  0.09/turn              (no ring)

@: lethally poisoned (0 -> -4)
A: fangs 2, magic shield, antimagic bite, no potion heal 3, rot immunity
a: Renounce Religion


You were on level 2 of the Dungeon.
You worshipped Xom.
You were a toy of Xom.
You were not hungry.

You visited 1 branch of the dungeon, and saw 2 of its levels.

You collected 11 gold pieces.

Inventory:

Hand Weapons
 a - a +0 mace of chaos (weapon)
Armour
 b - a +2 leather armour (worn)
Scrolls
 d - a scroll of blinking {unknown}
 e - a scroll of teleportation {unknown}
 g - a scroll of remove curse {unknown}
Potions
 h - a potion of heal wounds {unknown}
 i - 2 potions of curing {unknown}
Comestibles
 c - 3 rations
 f - a chunk of flesh


   Skills:
 + Level 2.9 Fighting
 * Level 3.1 Maces & Flails
 + Level 1.9 Armour
 + Level 1.1 Dodging


You had 2 spell levels left.
You didn't know any spells.
Your spell library was empty.

Dungeon Overview and Level Annotations

Branches:
Dungeon (2/15)

Altars:


Innate Abilities, Weirdness & Mutations

You have extremely sharp teeth.
When hurt, damage is shared between your health and your magic reserves.
Your bite disrupts and absorbs the magic of your enemies.
Potions cannot restore your health.
You are immune to rotting.


Message History

* * * LOW HITPOINT WARNING * * *
You feel sick. The adder barely misses you.
The adder bites you but does no damage.
You completely miss the adder. You bite the adder, but do no damage.
The adder is almost dead.
* * * LOW HITPOINT WARNING * * *
You feel sick. The adder closely misses you.
You closely miss the adder. Your bite misses the adder.
The adder is almost dead.
The adder bites you.
* * * LOW HITPOINT WARNING * * *
The adder bites you but does no damage.
You hit the adder.
You kill the adder!
You have reached level 3!
Your experience leads to an increase in your attributes!
Increase (S)trength, (I)ntelligence, or (D)exterity?
You feel stronger.
You die...
Xom cackles wildly!

#.# #.# #.# #.# #.#
##########.###
#............#
.########.#.#..#####.#
.....).@.......# #.###
#########.#.#..# #....
#......# #.#..
###.#..#####.#.#
#.#...<....#.#
#.#.#####.##.#
#.#####.##[#
#.....#.##.#
#####.#.##.#


There were no monsters in sight!

Vanquished Creatures
  An adder (D:2)
  A leopard gecko (D:1)
  2 goblins (D:1)
  A hobgoblin (D:2)
  6 jackals (D:1)
  A kobold (D:1)
12 creatures vanquished.

Notes
Turn   | Place    | Note
-------+----------+-------------------------------------------
     0 | D:1      | Lanoc the Vine Stalker Chaos Knight began the quest for the
                  | Orb.
     0 | D:1      | Reached XP level 1. HP: 11/11 MP: 2/2
    54 | D:1      | Reached skill level 1 in Dodging
    54 | D:1      | Reached XP level 2. HP: 11/16 MP: 1/3
   155 | D:1      | Reached skill level 3 in Maces & Flails
   168 | D:2      | XOM: divination: detect creatures
   229 | D:2      | Reached XP level 3. HP: 1/19 MP: 0/4
   229 | D:2      | Succumbed to an adder's poison

Levels and vault maps discovered:
D:1:      dpeg_arrival_erosion, layout_basic, minivault_5
D:2:      layout_loops_ring, chequers_ecumenical_altar_twisty,
          doesnt_xom_only_xom

Skill      XL: |  1  2 |
---------------+-------+-----
Dodging        | 1 |  1.1
Maces & Flails | 3 |  3.1
Fighting       | |  2.9
Armour         | |  1.9

Action                   || total
-------------------------++-------
Melee: Mace              ||    39
       Bite              ||    10
Armor: Leather armour    ||    16
Dodge: Dodged            ||    40
